 Dungeon Crawl Stone Soup version 0.29-a0-474-gdfe5cd1 (webtiles) character file.

Game seed: 18077788885795501644

77 Illumine the Skirmisher (level 4, -6/40 HPs)
             Began as a Minotaur Brigand on May 24, 2022.
             Killed by nerve-wracking pain
             ... invoked by an orc priest
              (13 damage)
             ... on level 2 of the Dungeon.
             The game lasted 00:02:55 (2341 turns).

Illumine the Skirmisher (Minotaur Brigand)          Turns: 2341, Time: 00:02:56

Health: -6/40      AC: 11    Str: 18    XL:     4   Next: 13%
Magic:  3/3        EV:  5    Int:  8    God:
Gold:   164        SH:  0    Dex: 11    Spells: 3/3 levels left

rFire   . . .      SeeInvis .   q - +0 trident
rCold   . . .      Faith    .   (no shield)
rNeg    . . .      Spirit   .   n - +0 plate armour
rPois   .          Reflect  .   (helmet restricted)
rElec   .          Harm     .   c - +0 cloak
rCorr   .          Rampage  .   (no gloves)
Will    .....                   (no boots)
Stlth   ..........              (no amulet)
HPRegen 0.13/turn               (no ring)
MPRegen 0.08/turn               (no ring)

@: no status effects
A: horns 2, retaliatory headbutt
a: no special abilities


You were on level 2 of the Dungeon.
You visited 1 branch of the dungeon, and saw 3 of its levels.

You collected 178 gold pieces.
You spent 14 gold pieces at shops.

Inventory:

Hand Weapons
 a - a +2 dagger
 b - a +0 hunting sling
 q - a +0 trident (weapon)
Missiles
 d - 9 poisoned darts
 e - 3 curare-tipped darts
 f - 91 stones (quivered)
Armour
 c - a +0 cloak (worn)
 n - a +0 plate armour (worn)
Scrolls
 g - a scroll of torment {unknown}
 h - 2 scrolls of fog {unknown}
 i - a scroll of teleportation {unknown}
 m - a scroll of identify {unknown}
 o - 4 scrolls of noise {unknown}
 p - 2 scrolls of enchant weapon {unknown}
Potions
 j - a potion of haste {unknown}
 k - a potion of heal wounds {unknown}
 l - a potion of brilliance {unknown}


   Skills:
 + Level 3.9 Fighting
 - Level 3.7 Short Blades
 * Level 0.2 Polearms
 - Level 2.0 Throwing
 + Level 1.1 Armour
 - Level 1.1 Dodging
 - Level 3.2 Stealth


You had 3 spell levels left.
You didn't know any spells.
Your spell library was empty.

Dungeon Overview and Level Annotations

Branches:
Dungeon (3/15)

Altars:

Shops:
D:1 !

Annotations:
D:3 Grinder


Innate Abilities, Weirdness & Mutations

You have a pair of horns on your head.
You reflexively headbutt those who attack you in melee.


Message History

An orc is nearby!
What are your orders? t - Shout!
Orders for allies: a - Attack new target. r - Retreat! s - Stop attacking. g - Guard the area. f - Follow me.
Anything else - Cancel.
You shout for attention!
You hear a shout! x4
The orc shouts!
The orc shouts!
The orc priest calls down the wrath of Beogh upon you.
Beogh smites you!
You hear a shout!
The orc priest miscasts a cantrip.
You reach to attack!
You hit the orc.
The orc is lightly wounded.
You barely miss the orc. You headbutt the orc.
You kill the orc!
The orc shouts!
The orc priest invokes the aid of Beogh against you.
Beogh smites you!
* * * LOW HITPOINT WARNING * * *
Things that are here:
a +0 dagger; an orc corpse You are too injured to fight recklessly!
You hit the orc.
The orc is moderately wounded.
The orc hits you but does no damage.
You hit the orc. You headbutt the orc.
The orc is almost dead.
The orc hits you but does no damage. x2
You are too injured to fight recklessly!
You hit the orc.
You kill the orc!
You barely miss the orc priest. The orc priest hits you with a +0 club.
* * * LOW HITPOINT WARNING * * *
You barely miss the orc priest.
The orc priest calls down the wrath of Beogh upon you.
Pain shoots through your body!
You die...

.# ##††## ###.# .# #..# #.#
.#######..# #.# .......#.o#
#.# ###.##.#.o# #)#
#.##.##'# #.# #.......## #.#
######...# #.# #.#.# #@#
###.#'#####o################
#..........o................
#...........################
#...........'..............#
#.....o.....##############.#
#..).........# ##########'#
#............# #...........
#....).......####.......)...


You could see an orc priest and an orc.

Vanquished Creatures
  3 adders (D:2)
  3 orcs (D:2)
  4 endoplasms
  3 giant cockroaches
  8 hobgoblins
  5 jackals
  3 kobolds
  2 quokkas
  A ball python (D:1)
  4 bats
  A frilled lizard (D:1)
  2 goblins
  5 rats
44 creatures vanquished.

Notes
Turn   | Place    | Note
-------+----------+-------------------------------------------
     0 | D:1      | Illumine the Minotaur Brigand began the quest for the Orb.
     0 | D:1      | Reached XP level 1. HP: 18/18 MP: 0/0
    58 | D:1      | Found Paociare's Distillery.
    81 | D:1      | Bought a potion of degeneration for 14 gold pieces
   239 | D:1      | Reached XP level 2. HP: 10/25 MP: 1/1
  1151 | D:2      | Reached XP level 3. HP: 25/31 MP: 2/2
  1484 | D:2      | Found a faded altar of an unknown god.
  2022 | D:2      | Reached skill level 1 in Armour
  2124 | D:2      | Reached XP level 4. HP: 40/40 MP: 3/3
  2205 | D:3      | Noticed Grinder
  2207 | D:3      | Noticed a scorpion
  2341 | D:2      | Killed from afar by an orc priest

Illustrated notes

Levels and vault maps discovered:
D:1:      shiori_arrival_oz, layout_loops_ring, serial_shops,
          nicolae_shop_waterfront
D:2:      minmay_chambers_of_twos, layout_basic,
          dreamdust_ecumenical_altar_angels_and_demons
D:3:      layout_rooms, kennysheep_minor_cross, roderic_serpentine_path,
          st_stairs_11, uniq_grinder

Skill      XL: |  1  2  3 |
---------------+----------+-----
Fighting       | 3 |  3.9
Short Blades   | 3 |  3.7
Armour         | 1 |  1.1
Polearms       | |  0.2
Throwing       | |  2.0
Dodging        | |  1.1
Stealth        | |  3.2

Action                   |  1- 3 |  4- 6 || total
-------------------------+-------+-------++-------
Melee: Dagger            |   108 |    10 ||   118
       Headbutt          |    18 |     4 ||    22
       Punch             |     1 |       ||     1
       Trident           |       |     9 ||     9
Throw: Stone             |    17 |       ||    17
       Dart              |     4 |       ||     4
 Stab: Sleeping          |     1 |       ||     1
       Distracted        |     1 |       ||     1
Armor: Robe              |    21 |       ||    21
       Plate armour      |    39 |     8 ||    47
Dodge: Dodged            |    39 |       ||    39

Table legend: (Time is in decaauts)
 A = Elapsed time spent in this place.
 B = Non-inter-level travel time spent in this place.
 C = Inter-level travel time spent in this place.
 D = Time resting spent in this place.
 E = Time spent auto-exploring this place.
 F = Levels seen in this place.
 G = Mean time per level.
                   A        B        C        D        E       F      G
               +--------+--------+--------+--------+--------+-----+--------+
         Total |   2324 |   2197 |    127 |    174 |   1606 |   3 |  774.7 |
       Dungeon |   2324 |   2197 |    127 |    174 |   1606 |   3 |  774.7 |
               +--------+--------+--------+--------+--------+-----+--------+

Top non-repeatable levels by time:
     D:2: 1145 daAuts
     D:1: 1108 daAuts
     D:3: 70 daAuts
